 Dungeon Crawl Stone Soup version 0.31-a0-1317-gdfb52cb (webtiles) character file.

Game seed: 11066124452073220534

12499 PublicAnimeNo1 the Covert (level 11, -2/55 HPs)
             Began as a Vine Stalker Alchemist on Dec 20, 2023.
             Was the Champion of Jiyva.
             Slain by an eight-headed hydra (11 damage)
             ... on level 3 of the Lair of Beasts.
             The game lasted 00:19:24 (7058 turns).

PublicAnimeNo1 the Covert (Vine Stalker Alchemist)  Turns: 7058, Time: 00:19:25

Health: -2/55      AC:  4    Str: 10    XL:     11   Next: 94%
Magic:  0/15       EV: 12    Int: 19    God:    Jiyva [******]
Gold:   267        SH:  0    Dex: 16    Spells: 4/14 levels left

rFire   + . .        h - +2 dagger (freeze)
rCold   . . .        (no shield)
rNeg    . . .        c - +0 troll leather armour
rPois   .            (helmet unavailable)
rElec   .            (no cloak)
rCorr   +            (no gloves)
SInv    .            (no boots)
Will    ++...        (no amulet)
Stlth   ++++++       (no ring)
HPRegen 3.49/turn    (no ring)
MPRegen 0.94/turn

%: guardian spirit
@: calling ooze, slowed, very slow
A: fangs 3, regeneration 1, magic shield, antimagic bite, no potion heal 2,
horns 3, fire resistance 1, strong-willed 1, mutation resistance 2, gelatinous
body 1, translucent skin 2
a: Renounce Religion, Oozemancy, Slimify


You were on level 3 of the Lair of Beasts.
You worshipped Jiyva.
Jiyva was exalted by your worship.
You visited 2 branches of the dungeon, and saw 12 of its levels.
You also visited: Sewer and Bailey.

You collected 267 gold pieces.

Inventory:

Hand Weapons
 d - a +1 dagger
 h - a +2 dagger of freezing (weapon)
 p - a +4 dagger of chaos
Armour
 a - a +0 robe
 c - a +0 troll leather armour (worn)
Wands
 g - a wand of flame (37)
 o - a wand of acid (7)
 t - a wand of digging (7)
Scrolls
 j - 2 scrolls of enchant weapon
 r - a scroll of identify
 s - a scroll of fog
Potions
 b - 3 potions of magic
 e - a potion of curing {unknown}
 f - a potion of invisibility {unknown}
 i - a potion of heal wounds
 k - 2 potions of resistance {unknown}
 l - 3 potions of haste {unknown}
 m - a potion of mutation {unknown}
 n - a potion of attraction {unknown}
 q - a potion of berserk rage {unknown}


   Skills:
 - Level 5.0 Fighting
 + Level 8.4 Short Blades
 - Level 1.5 Dodging
 + Level 11.3 Stealth
 - Level 2.1 Spellcasting
 + Level 6.9 Conjurations
 + Level 6.7 Air Magic
 + Level 9.1 Alchemy


You had 4 spell levels left.
You knew the following spells:

 Your Spells              Type           Power      Damage    Failure   Level
a - Sting                 Conj/Alch      100%       1d9       1%          1
b - Mercury Vapours       Alch/Air       64%        N/A       1%          2
c - Olgreb's Toxic Radia  Alch           36%        N/A       5%          4
d - Mephitic Cloud        Conj/Alch/Air  30%        N/A       3%          3

Your spell library contained the following spells:

 Spells                   Type           Power      Damage    Failure   Level
 Kiss of Death            Conj/Necr      60%        2d10      5%          1
 Summon Small Mammal      Summ           8%         N/A       22%         1
 Lesser Beckoning         Tloc           4%         N/A       34%         2
 Sticky Flame             Fire/Alch      19%        2d6       34%         4
 Iskenderun's Mystic Bla  Conj/Tloc      15%        2d5       50%         4
 Call Canine Familiar     Summ           2%         N/A       56%         3
 Confusing Touch          Hex            2%         N/A       56%         3
 Gell's Gravitas          Tloc           2%         N/A       56%         3
 Teleport Other           Tloc           2%         N/A       56%         3
 Tukima's Dance           Hex            2%         N/A       56%         3
 Dimensional Bullseye     Hex/Tloc       1%         N/A       92%         4
 Dispel Undead            Necr           2%         3d7       92%         4
 Summon Hydra             Summ           1%         N/A       100%        7


Dungeon Overview and Level Annotations

Branches:
Dungeon (9/15)             Temple (0/1) D:5            Lair (3/5) D:9
  Sewer (visited)          Bailey (visited)
  Swamp: Lair:2-3    Shoals: Lair:2-3     Snake: Lair:2-3    Spider: Lair:2-3
    Orc: D:9-12

Altars:
Elyvilon
Fedhas
Gozag
Kikubaaqudgha
Makhleb
Ru
Sif Muna
Vehumet
Xom
Yredelemnul
Jiyva

Shops:
D:4 [   D:7 :

Annotations:
D:4 2 runed translucent doors


Innate Abilities, Weirdness & Mutations

You have razor-sharp teeth.
Your natural rate of healing is unusually fast.
When hurt, damage is shared between your health and your magic reserves.
Your bite disrupts and absorbs the magic of your enemies.
Potions cannot restore your health.
You have a pair of large horns on your head.
Your flesh is heat resistant. (rF+)
You are strong-willed. (Will+)
You are somewhat resistant to both further mutation and mutation removal.
Your rubbery body absorbs attacks. (AC +1, EV +1)
Your translucent skin reduces your foes' accuracy. (Stealth+)


Message History

The eight-headed hydra bites your azure jelly.
The eight-headed hydra closely misses your azure jelly.
The eight-headed hydra bites your azure jelly!
The eight-headed hydra bites your azure jelly but does no damage.
The eight-headed hydra bites your azure jelly.
The eight-headed hydra bites your azure jelly! x2
The sentinel's mark upon you fades away.
You feel sick.
The walls burn the eight-headed hydra!
The eight-headed hydra bites your azure jelly! x3
The eight-headed hydra barely misses your azure jelly.
The eight-headed hydra bites your azure jelly.
The eight-headed hydra bites your azure jelly! x2
Your azure jelly dies!
Your azure jelly dissolves into a puddle of slime!
You feel sick.
The walls burn the eight-headed hydra!
Being near the torpor snail leaves you feeling lethargic.
You feel sick.
You are no longer poisoned.
The walls burn the eight-headed hydra!
The wall burns the torpor snail!
The walls burn the eight-headed hydra!
The wall burns the torpor snail!
The walls burn the eight-headed hydra!
Aiming: Sting (safe; 1% risk of failure)
Press: ? - help, Q - select action, (/) - cycle Shift-Dir - straight line, f - eight-headed hydra
Aim: an eight-headed hydra (severely wounded, 92% to hit)
The sting hits the eight-headed hydra.
The eight-headed hydra partially resists.
The eight-headed hydra is poisoned.
The eight-headed hydra is severely wounded.
The walls burn the eight-headed hydra!
The eight-headed hydra completely misses you.
The eight-headed hydra bites you.
The eight-headed hydra closely misses you.
The eight-headed hydra bites you!
The eight-headed hydra closely misses you.
The eight-headed hydra bites you!
* * * LOW HITPOINT WARNING * * *
The eight-headed hydra bites you.
* * * LOW HITPOINT WARNING * * *
The eight-headed hydra bites you!
You die...

........ ........... P####P.##.
###.......#.#.. #...
..P.#..#.###.P..?...P..#.###.#..
................................
.......... ........#.........#..
.....≈≈≈≈.......................
....≈≈≈≈≈≈..##... #....# ......P
...≈≈≈≈≈≈≈≈..##.###..#.##......#
...≈≈≈≈≈≈§≈.....@D†w............
...≈≈§≈≈§§≈.##...##.#...###.....
...≈§≈≈≈≈≈≈.......#.....##.[....
....≈≈≈≈§≈..P...................
..#..§≈≈≈...PP.##.####.#.#.....
...............................
.#####.....P...##.##.#.########
# ##..#.######.###### ###### ###


You could see an eight-headed hydra (poisoned) and a torpor snail.

Vanquished Creatures
  A death yak (Lair:3)
  Pikel (D:5)
  2 cane toads
  A rime drake (Lair:3)
  A kobold demonologist (D:9)
  Psyche (D:8)
  2 trolls
  A polar bear (Lair:2)
  A hornet (D:8)
  A wind drake (Lair:3)
  Sigmund (D:6)
  8 yaks
  A steam dragon (D:8)
  A water moccasin (Lair:3)
  3 ice beasts
  2 sky beasts (D:6)
  6 orc warriors
  3 ogres
  3 wolves (Lair:3)
  A phantom (D:4)
  2 kobold brigands
  8 bullfrogs
  A gnoll sergeant (D:6)
  3 howler monkeys
  A jelly (Bailey)
  A gnoll bouda (D:7)
  7 orc priests
  10 hounds
  12 orc wizards
  4 iguanas
  A sleepcap (D:4)
  14 gnolls
  8 adders
  A worm (D:2)
  3 dart slugs
  29 orcs
  An endoplasm (D:1)
  10 giant cockroaches
  15 goblins
  10 hobgoblins
  4 jackals
  9 quokkas
  9 ball pythons
  3 bats
  8 frilled lizards
  18 kobolds
  7 rats
240 creatures vanquished.

Vanquished Creatures (collateral kills)
  Gastronok (Lair:2)
  An orc warlord (Bailey)
  An orc knight (Bailey)
  A manticore (Lair:3)
  A cane toad (Lair:3)
  A komodo dragon (Lair:2)
  A wyvern (Lair:2)
  5 orc warriors (Bailey)
  2 howler monkeys (D:8)
  An electric eel (D:9)
  A hound (D:9)
  2 gnolls (Bailey)
  2 orcs (Bailey)
  2 goblins (Bailey)
  3 hobgoblins (Bailey)
25 creatures vanquished.

Vanquished Creatures (others)
  An orc warrior (Bailey)
  An ogre (D:4)
  A lemure (D:5)
  2 howler monkeys (D:9)
  15 jellies
  3 hounds
  A gnoll (D:2)
  3 adders
  A white imp (D:6)
  2 ball pythons
  A bat (D:2)
  4 endoplasms
  A giant cockroach (D:2)
  7 goblins
  2 jackals
  11 kobolds
  4 quokkas
  2 frilled lizards
62 creatures vanquished.

Grand Total: 327 creatures vanquished

Notes
Turn   | Place    | Note
-------+----------+-------------------------------------------
     0 | D:1      | PublicAnimeNo1 the Vine Stalker Alchemist began the quest
                  | for the Orb.
     0 | D:1      | Reached XP level 1. HP: 9/9 MP: 4/4
   155 | D:1      | Reached XP level 2. HP: 14/14 MP: 1/6
   299 | D:1      | Found a faded altar of an unknown god.
   373 | D:1      | Prayed at the altar of an unknown god.
   373 | D:1      | Became a worshipper of Jiyva Jyovet the Shapeless
   373 | D:1      | Reached * piety under Jiyva
   411 | D:1      | Reached skill level 3 in Stealth
   444 | D:1      | Reached skill level 1 in Fighting
   941 | D:2      | Reached XP level 3. HP: 18/18 MP: 7/7
   953 | D:2      | Reached ** piety under Jiyva
  1019 | D:2      | Reached skill level 1 in Short Blades
  1024 | D:2      | Learned a level 2 spell: Mercury Vapours
  1034 | D:2      | Reached XP level 4. HP: 21/22 MP: 5/8
  1805 | D:3      | Reached *** piety under Jiyva
  1899 | D:3      | Found a sacrificial altar of Ru.
  2003 | D:3      | Reached XP level 5. HP: 15/26 MP: 3/9
  2045 | D:3      | Found an ancient bone altar of Kikubaaqudgha.
  2051 | D:3      | Found a radiant altar of Vehumet.
  2065 | D:3      | Reached skill level 4 in Stealth
  2071 | D:3      | Found a shimmering blue altar of Sif Muna.
  2078 | D:3      | Got Sif Muna's Almanac of Support
  2096 | D:3      | Gained mutation: You are somewhat resistant to further
                  | mutation. [Jiyva's grace]
  2096 | D:3      | Gained mutation: You are somewhat resistant to both further
                  | mutation and mutation removal. [Jiyva's grace]
  2096 | D:3      | Gained mutation: You are almost entirely resistant to
                  | further mutation and mutation removal. [Jiyva's grace]
  2096 | D:3      | Gained mutation: Your flesh is heat resistant. (rF+)
                  | [Jiyva's grace]
  2115 | D:3      | Identified the +2 mace "Tobie" {drain, +Blink rElec Str-4}
  2153 | D:3      | Found a white marble altar of Elyvilon.
  2308 | D:4      | Reached XP level 6. HP: 30/30 MP: 6/10
  2448 | D:4      | Reached **** piety under Jiyva
  2575 | D:4      | Found a large runed translucent door.
  2575 | D:4      | Found a large runed translucent door.
  2579 | D:4      | Found a shimmering altar of Xom.
  2602 | D:4      | Found a blossoming altar of Fedhas.
  2640 | D:4      | Found Xymm's Armour Shoppe.
  2789 | D:5      | Entered Level 5 of the Dungeon
  2960 | D:4      | Reached skill level 5 in Stealth
  2960 | D:4      | Reached XP level 7. HP: 35/35 MP: 11/11
  3226 | D:5      | Found a staircase to the Ecumenical Temple.
  3244 | D:5      | Gained mutation: You have razor-sharp teeth. [Vine Stalker
                  | growth]
  3244 | D:5      | Reached XP level 8. HP: 40/40 MP: 5/12
  3249 | D:5      | Reached skill level 5 in Alchemy
  3394 | D:5      | Noticed Pikel
  3405 | D:5      | Killed Pikel
  3406 | D:5      | Reached skill level 5 in Short Blades
  3406 | D:5      | Reached skill level 6 in Stealth
  3424 | D:5      | Learned a level 4 spell: Olgreb's Toxic Radiance
  3892 | D:6      | Learned a level 3 spell: Mephitic Cloud
  3911 | D:6      | Reached skill level 7 in Stealth
  3911 | D:6      | Reached XP level 9. HP: 46/46 MP: 13/13
  3914 | D:6      | Found a glowing drain.
  3925 | Sewer    | Entered a sewer
  4254 | Sewer    | Reached skill level 1 in Air Magic
  4396 | D:6      | Reached ***** piety under Jiyva
  4484 | D:6      | Noticed Sigmund
  4491 | D:6      | Killed Sigmund
  4858 | D:7      | Noticed a troll
  4871 | D:6      | Killed a troll
  4872 | D:6      | Reached skill level 5 in Fighting
  4884 | D:7      | Found a flagged portal.
  4889 | Bailey   | Entered a bailey
  4914 | Bailey   | Gained mutation: Your translucent skin slightly reduces
                  | your foes' accuracy. (Stealth+) [Jiyva's grace]
  4914 | Bailey   | Gained mutation: Your translucent skin reduces your foes'
                  | accuracy. (Stealth+) [Jiyva's grace]
  4914 | Bailey   | Gained mutation: Your transparent skin significantly
                  | reduces your foes' accuracy. (Stealth+) [Jiyva's grace]
  4914 | Bailey   | Gained mutation: You are strong-willed. (Will+) [Jiyva's
                  | grace]
  5045 | Bailey   | Reached skill level 8 in Stealth
  5101 | Bailey   | Identified the +2 quarterstaff "Ratipicu" {flame, Str+4}
  5101 | Bailey   | Noticed an orc warlord
  5103 | Bailey   | Noticed an orc knight
  5111 | Bailey   | HP: 2/47 [orc warlord/+5 broad axe (40)]
  5114 | Bailey   | Killed an orc warlord
  5115 | Bailey   | Reached XP level 10. HP: 11/51 MP: 3/14
  5117 | Bailey   | Killed an orc knight
  5118 | Bailey   | Reached skill level 9 in Stealth
  5272 | D:7      | Found Onoinakipt's Book Shop.
  5665 | D:7      | Found a burning altar of Makhleb.
  5824 | D:8      | Reached ****** piety under Jiyva
  5852 | D:8      | Noticed Psyche
  5857 | D:8      | Killed Psyche
  5950 | D:8      | Reached skill level 5 in Conjurations
  6059 | D:8      | Reached skill level 5 in Air Magic
  6442 | D:9      | Got Sif Muna's Tome of Leadership
  6448 | D:9      | Noticed a kobold demonologist
  6461 | D:9      | Killed a kobold demonologist
  6464 | D:9      | Found a large runed translucent door.
  6465 | D:9      | Found a large runed translucent door.
  6509 | D:9      | Reached skill level 10 in Stealth
  6509 | D:9      | Reached XP level 11. HP: 35/55 MP: 7/15
  6641 | D:9      | Found a basalt altar of Yredelemnul.
  6659 | D:9      | Found an opulent altar of Gozag.
  6747 | D:9      | Found a staircase to the Lair.
  6855 | Lair:1   | Entered Level 1 of the Lair of Beasts
  6916 | Lair:1   | You fall into a shaft and drop 1 floor!
  6935 | Lair:2   | Lost mutation: You are almost entirely resistant to further
                  | mutation and mutation removal. [Jiyva's grace]
  6935 | Lair:2   | Lost mutation: Your transparent skin significantly reduces
                  | your foes' accuracy. (Stealth+) [Jiyva's grace]
  6935 | Lair:2   | Gained mutation: You have a pair of small horns on your
                  | head. [Jiyva's grace]
  6935 | Lair:2   | Gained mutation: You have a pair of horns on your head.
                  | [Jiyva's grace]
  6935 | Lair:2   | Gained mutation: You have a pair of large horns on your
                  | head. [Jiyva's grace]
  6935 | Lair:2   | Gained mutation: Your rubbery body absorbs attacks. (AC +1,
                  | EV +1) [Jiyva's grace]
  6940 | Lair:2   | Noticed Gastronok
  6950 | Lair:2   | Killed Gastronok
  7035 | Lair:3   | Noticed a death yak
  7040 | Lair:3   | Noticed a manticore
  7044 | Lair:3   | Reached skill level 11 in Stealth
  7046 | Lair:3   | Killed a manticore
  7051 | Lair:3   | Killed a death yak
  7051 | Lair:3   | Noticed an eight-headed hydra
  7058 | Lair:3   | Slain by an eight-headed hydra

Illustrated notes

Levels and vault maps discovered:
D:1:      lightli_arrival_farm, layout_loops_ring,
          hellmonk_ecumenical_altar_pennies_from_heaven, wad_floor_pattern_1
D:2:      layout_loops_corners
D:3:      layout_rooms, grunt_temple_overflow_magic_moments,
          lemuel_coloured_pillars_altar, nicolae_ru_path_of_blood
D:4:      due_chaos_kobolds, layout_basic, mainiacjoe_overflow_surrounded_room,
          serial_shops, shop, minmay_bent
D:5:      layout_loops_ring, minmay_temple_entry_arrows, corexii_shack,
          uniq_pikel
D:6:      layout_loops_ring, cheibrodos_sewer_entry_drain, nrook_loot_triangle,
          nicolae_elevator_lobby_plus, uniq_sigmund
D:7:      layout_rooms, makhleb_heckhound_becter, serial_shops,
          nicolae_shop_stone, enter_bailey_3, kennysheep_generic_room_3
D:8:      layout_loops_ring, uniq_psyche
D:9:      layout_gridville, jmf_multi_god_temple2, erik_lair_island,
          minmay_orc_entry_temple_small
Lair:1:   layout_big_grid
Lair:2:   nzn_winding_woodlands_large [nzn_winding_woodlands_5x5_closed_star,
          nzn_winding_woodlands_5x15_parted, nzn_winding_woodlands_5x5_three,
          nzn_winding_woodlands_center_garden,
          nzn_winding_woodlands_15x15_five_gardens,
          nzn_winding_woodlands_center_triple_pond,
          nzn_winding_woodlands_5x5_checkerboard,
          nzn_winding_woodlands_5x15_pockets, nzn_winding_woodlands_5x5_cross],
          layout_chaotic_city, kennysheep_abandoned_house, uniq_gastronok
Lair:3:   layout_long_grid, minmay_shoals_entry_beasts,
          spider_nest_entry_web_field, gammafunk_ghost_split,
          nicolae_quartered_pool_impasse

Skill      XL: |  1  2  3  4  5  6  7  8  9 10 11 |
---------------+----------------------------------+-----
Stealth        | 3 4 5 7 8 10 11 | 11.3
Fighting       | 1 2 3 4 5 |  5.0
Short Blades   | 1 2 3 4 6 7 8 |  8.4
Alchemy        | 4 5 7 8 9 |  9.1
Air Magic      | 3 5 6 |  6.7
Conjurations   | 3 5 6 |  6.9
Dodging        | |  1.5
Spellcasting   | |  2.1

Action                     |  1- 3 |  4- 6 |  7- 9 | 10-12 || total
---------------------------+-------+-------+-------+-------++-------
  Melee: Unarmed           |     5 |       |       |       ||     5
         Bite              |     7 |    49 |    45 |    75 ||   176
         Dagger            |    19 |   142 |   141 |   213 ||   515
         Punch             |       |     2 |     3 |       ||     5
         Headbutt          |       |       |       |     5 ||     5
   Cast: Sting             |    36 |    54 |    90 |    29 ||   209
         Mercury Vapours   |       |     7 |     6 |     2 ||    15
         Olgreb's Toxic Ra |       |       |     6 |    24 ||    30
         Mephitic Cloud    |       |       |     3 |     1 ||     4
 Invoke: Oozemancy         |       |       |       |     1 ||     1
  Evoke: Wand              |       |       |    10 |       ||    10
    Use: Scroll            |     1 |       |     3 |     6 ||    10
         Potion            |       |       |       |     1 ||     1
   Stab: Sleeping          |       |     4 |     2 |    12 ||    18
         Confused          |       |       |     2 |     1 ||     3
 Armour: Robe              |     9 |   104 |    93 |    80 ||   286
         Troll leather arm |       |       |       |    55 ||    55
  Dodge: Dodged            |    23 |   111 |   107 |    92 ||   333

Table legend: (Time is in decaauts)
 A = Elapsed time spent in this place.
 B = Non-inter-level travel time spent in this place.
 C = Inter-level travel time spent in this place.
 D = Time resting spent in this place.
 E = Time spent auto-exploring this place.
 F = Levels seen in this place.
 G = Mean time per level.
                   A        B        C        D        E       F      G
               +--------+--------+--------+--------+--------+-----+--------+
         Total |   7018 |   6783 |    235 |    581 |   4409 |  14 |  501.3 |
       Dungeon |   6127 |   5892 |    235 |    370 |   4199 |   9 |  680.8 |
          Lair |    190 |    190 |      0 |      0 |     64 |   3 |   63.3 |
         Sewer |    390 |    390 |      0 |    108 |     88 |   1 |  390.0 |
        Bailey |    309 |    309 |      0 |    103 |     58 |   1 |  309.0 |
               +--------+--------+--------+--------+--------+-----+--------+

Top non-repeatable levels by time:
     D:1: 951 daAuts
     D:5: 835 daAuts
     D:2: 784 daAuts
     D:4: 733 daAuts
     D:6: 691 daAuts
     D:8: 666 daAuts
     D:7: 558 daAuts
     D:3: 518 daAuts
   Sewer: 390 daAuts
     D:9: 387 daAuts
  Bailey: 309 daAuts
  Lair:3: 97 daAuts
  Lair:1: 60 daAuts
  Lair:2: 33 daAuts
